 Dungeon Crawl Stone Soup version 0.30-a0-297-g0ec75d9ef4 (webtiles) character file.

Game seed: 516737381247883748

174 themarg the Trooper (level 5, -6/52 HPs)
             Began as a Hill Orc Monk on Oct 18, 2022.
             Mangled by a killer bee (7 damage)
             ... on level 5 of the Dungeon.
             The game lasted 00:10:28 (2516 turns).

themarg the Trooper (Hill Orc Monk)                 Turns: 2516, Time: 00:10:28

Health: -6/52      AC:  8    Str: 16    XL:     5   Next: 54%
Magic:  5/5        EV:  7    Int: 10    God:
Gold:   70         SH:  0    Dex: 13    Spells: 4/4 levels left

rFire   . . .      SeeInvis .    a - +0 hand axe
rCold   + . .      Faith    .    (no shield)
rNeg    . . .      Spirit   .    j - +0 chain mail
rPois   .          Reflect  .    (no helmet)
rElec   .          Harm     .    (no cloak)
rCorr   +          Rampage  .    (no gloves)
Will    .....                    (no boots)
Stlth   ..........               (no amulet)
HPRegen 0.28/turn                i - ring of protection from cold
MPRegen 0.09/turn                r - ring of resist corrosion

@: confused, lethally poisoned (-6 -> -45), ambrosia-drunk
A: no striking features
a: no special abilities


You were on level 5 of the Dungeon.
You visited 1 branch of the dungeon, and saw 5 of its levels.

You collected 182 gold pieces.
You spent 112 gold pieces at shops.

Inventory:

Hand Weapons
 a - a +0 hand axe (weapon)
 p - a +0 flail of draining
Missiles
 b - 5 poisoned darts
 e - 32 stones (quivered)
 h - a throwing net
Armour
 j - a +0 chain mail (worn)
Jewellery
 i - a ring of protection from cold (left hand)
 r - a ring of resist corrosion (right hand)
Scrolls
 d - a scroll of silence {unknown}
 f - 2 scrolls of blinking
 g - a scroll of identify {unknown}
 m - 2 scrolls of teleportation {unknown}
Potions
 k - a potion of degeneration {unknown}
 l - a potion of berserk rage {unknown}
 n - a potion of heal wounds
 o - 4 potions of curing
 q - a potion of attraction {unknown}


   Skills:
 + Level 7.1 Fighting
 - Level 4.0 Axes
 - Level 2.4 Dodging
 - Level 2.0 Stealth


You had 4 spell levels left.
You didn't know any spells.
Your spell library contained the following spells:

 Spells                   Type           Power      Damage    Failure   Level
 Cigotuvi's Dreadful Rot  Necr/Pois/Air  0%         N/A       100%        2
 Poisonous Vapours        Pois/Air       0%         N/A       100%        2
 Inner Flame              Hex/Fire       0%         N/A       100%        3
 Mephitic Cloud           Conj/Pois/Air  0%         N/A       100%        3
 Flame Wave               Conj/Fire      0%         2d4       100%        4
 Sticky Flame             Conj/Fire      0%         2d3       100%        4


Dungeon Overview and Level Annotations

Branches:
Dungeon (5/15)
 Temple: D:4-7

Altars:

Shops:
D:3 !

Annotations:
D:3 Sigmund
D:4 1 runed translucent door, 2 transporters, Crazy Yiuf, Grinder


Message History

The killer bee is moderately wounded.
You closely miss the killer bee. You hit the orc.
You closely miss the killer bee.
You feel very sick. The killer bee stings you.
The killer bee barely misses you. x2
The killer bee stings you but does no damage. x2
The killer bee stings you.
You are lethally poisoned!
The killer bee poisons you! The orc hits you but does no damage.
The orc hits you with a +0 club.
You are confused.
You feel invigorated.
You feel very sick. The killer bee stings you.
* * * LOW HITPOINT WARNING * * *
You are more poisoned.
The killer bee poisons you!
The killer bee stings you but does no damage. x2
The killer bee stings you.
* * * LOW HITPOINT WARNING * * *
You are more poisoned.
The killer bee poisons you!
The killer bee stings you but does no damage. x2
The orc barely misses you. The orc hits you with a +0 club.
* * * LOW HITPOINT WARNING * * *
You barely miss the killer bee.
The killer bee is lightly wounded.
You miss the killer bee. You barely miss the orc.
You closely miss the killer bee.
* * * LOW HITPOINT WARNING * * *
You feel extremely sick. The killer bee closely misses you. x2
The killer bee stings you but does no damage.
The killer bee stings you.
* * * LOW HITPOINT WARNING * * *
You are more poisoned.
The killer bee poisons you!
The killer bee stings you but does no damage.
The killer bee stings you!
You die...

..........
..........
#........##
..........#
..........#
......oo..#
$.....oyy.#
.....oy@..#
#..).....##
##......##
########


You could see 3 killer bees and 4 orcs.

Vanquished Creatures
  A scorpion (D:3)
  3 gnolls (D:3)
  4 adders
  2 dart slugs
  2 orcs (D:3)
  2 bats
  4 endoplasms
  3 giant cockroaches
  4 goblins
  3 hobgoblins
  3 jackals (D:4)
  A quokka (D:3)
  5 ball pythons
  3 frilled lizards
  4 kobolds
  6 rats
50 creatures vanquished.

Notes
Turn   | Place    | Note
-------+----------+-------------------------------------------
     0 | D:1      | themarg the Hill Orc Monk began the quest for the Orb.
     0 | D:1      | Reached XP level 1. HP: 19/19 MP: 1/1
   216 | D:1      | Reached XP level 2. HP: 24/27 MP: 2/2
   325 | D:1      | Reached skill level 4 in Fighting
   817 | D:2      | Reached XP level 3. HP: 34/34 MP: 3/3
   873 | D:2      | Reached skill level 5 in Fighting
  1212 | D:3      | Found Vukami's Distillery.
  1228 | D:3      | Bought a potion of heal wounds for 70 gold pieces
  1228 | D:3      | Bought a potion of curing for 42 gold pieces
  1256 | D:3      | Reached XP level 4. HP: 41/42 MP: 4/4
  1587 | D:3      | Reached skill level 6 in Fighting
  1715 | D:3      | Noticed a scorpion
  1741 | D:3      | Killed a scorpion
  1742 | D:3      | Reached skill level 7 in Fighting
  1742 | D:3      | Reached XP level 5. HP: 24/52 MP: 5/5
  1968 | D:3      | Noticed Sigmund
  2222 | D:4      | Found a runed translucent door.
  2223 | D:4      | Noticed Crazy Yiuf
  2467 | D:4      | Found a transporter.
  2475 | D:4      | Found a transporter.
  2500 | D:4      | Noticed Grinder
  2510 | D:5      | Entered Level 5 of the Dungeon
  2516 | D:5      | HP: 2/52 [poisoned by a killer bee]
  2516 | D:5      | Mangled by a killer bee

Illustrated notes

Levels and vault maps discovered:
D:1:      lightli_arrival_statuegarden, layout_basic
D:2:      layout_basic, grunt_ministairs_12
D:3:      layout_basic, serial_shops, nicolae_shop_advertising_works
          [nicolae_subvault_shop_adworks], minmay_fractal_squares_gapless_5,
          uniq_sigmund
D:4:      layout_loops_ring, mainiacjoe_overflow_small_starburst,
          gammafunk_ghost_stat_death, uniq_grinder, uniq_duvessa,
          uniq_crazy_yiuf_cottage
D:5:      layout_rooms, minmay_temple_entry_mini_moons, uniq_pikel

Skill      XL: |  1  2  3  4 |
---------------+-------------+-----
Fighting       | 4 5 7 |  7.1
Stealth        | 2 |  2.0
Axes           | |  4.0
Dodging        | |  2.4

Action                   |  1- 3 |  4- 6 || total
-------------------------+-------+-------++-------
Melee: Hand axe          |   113 |    99 ||   212
       Punch             |     1 |       ||     1
  Use: Scroll            |       |     1 ||     1
       Potion            |       |     1 ||     1
 Stab: Sleeping          |     1 |       ||     1
Armor: Robe              |     6 |       ||     6
       Leather armour    |    10 |       ||    10
       Chain mail        |    20 |    69 ||    89
Dodge: Dodged            |    61 |    38 ||    99

Table legend: (Time is in decaauts)
 A = Elapsed time spent in this place.
 B = Non-inter-level travel time spent in this place.
 C = Inter-level travel time spent in this place.
 D = Time resting spent in this place.
 E = Time spent auto-exploring this place.
 F = Levels seen in this place.
 G = Mean time per level.
                   A        B        C        D        E       F      G
               +--------+--------+--------+--------+--------+-----+--------+
         Total |   2536 |   2506 |     30 |    253 |   1693 |   5 |  507.2 |
       Dungeon |   2536 |   2506 |     30 |    253 |   1693 |   5 |  507.2 |
               +--------+--------+--------+--------+--------+-----+--------+

Top non-repeatable levels by time:
     D:3: 898 daAuts
     D:1: 819 daAuts
     D:2: 426 daAuts
     D:4: 386 daAuts
     D:5: 6 daAuts
